 Dungeon Crawl Stone Soup version 0.21-a0-613-g5d64845 (webtiles) character file.

26 urgleburgle the Digger (level 2, 0/22 HPs)
             Began as a Deep Elf Earth Elementalist on Dec 22, 2017.
             Succumbed to a gnoll's poison
             ... on level 2 of the Dungeon.
             The game lasted 00:08:19 (2392 turns).

urgleburgle the Digger (DEEE)                       Turns: 2392, Time: 00:08:19

Health: 0/22       AC:  3    Str: 10    XL:     2   Next: 89%
Magic:  5/8        EV: 12    Int: 19    God:
Gold:   22         SH:  0    Dex: 15    Spells: 7/8 levels left

rFire    . . .     SeeInvis +   g - +0 short sword
rCold    . . .     Gourm    .   (no shield)
rNeg     . . .     Faith    .   m - +0 leather armour
rPois    .         Spirit   .   (no helmet)
rElec    .         Reflect  .   (no cloak)
rCorr    .         Harm     .   (no gloves)
MR       .....                  (no boots)
Stlth    ..........             (no amulet)
HPRegen  0.07/turn              a - ring of see invisible
MPRegen  0.11/turn              (no ring)

@: berserking, lethally poisoned (0 -> -9), very slightly contaminated, drained,
very quick
A: no striking features
a: no special abilities


You were on level 2 of the Dungeon.
You were not hungry.

You visited 1 branch of the dungeon, and saw 2 of its levels.

You collected 22 gold pieces.

Inventory:

Hand Weapons
 g - a +0 short sword (weapon)
 j - a cursed -1 whip
 n - a +0 mace
Missiles
 b - 99 stones (quivered)
 o - 20 sling bullets
Armour
 c - a +0 robe
 m - a +0 leather armour (worn)
Jewellery
 a - a ring of see invisible (left hand)
Scrolls
 d - a scroll of remove curse {unknown}
 f - a scroll of immolation {unknown}
 i - a scroll of noise {unknown}
 k - a scroll of identify {unknown}
 l - a scroll of enchant weapon {unknown}
Books
 e - a book of Geomancy

   Spells                             Type                      Level
   a - Sandblast                      Earth                        1
   b - Passwall                       Transmutation/Earth          2
   c - Stone Arrow                    Conjuration/Earth            3
   d - Petrify                        Transmutation/Earth          4
   e - Lee's Rapid Deconstruction     Earth                        5


   Skills:
 + Level 0.2(0.0) Short Blades
 + Level 2.8(2.6) Dodging
 + Level 2.5(2.3) Stealth
 + Level 3.6(3.4) Spellcasting
   Level 1.1(0.8) Transmutations
 + Level 3.8(3.6) Earth Magic


You had 7 spell levels left.
You knew the following spells:

 Your Spells              Type           Power        Failure   Level  Hunger
a - Sandblast             Erth           ###...       4%          1    None


Dungeon Overview and Level Annotations

Branches:
Dungeon (2/15)

Altars:


Message History

Aiming: Sandblast
Press: ? - help, Shift-Dir - straight line, f/p - gnoll
Aim: a gnoll, wielding a club of chaos (severely wounded)
The blast of sand hits the gnoll.
The gnoll is severely wounded.
b - 99 stones You feel sick.
The gnoll barely misses you.
The gnoll hits you from afar with a spear of chaos!
* * * LOW HITPOINT WARNING * * *
The gnoll draws strength from your wounds!
It was a potion of berserk rage.
A red film seems to cover your vision as you go berserk!
You feel yourself moving faster!
You feel mighty!
* * * LOW HITPOINT WARNING * * *
You feel sick. The gnoll hits you but does no damage.
You feel drained.
The gnoll hits you from afar with a spear of chaos.
* * * LOW HITPOINT WARNING * * *
You are too berserk!
You feel a strong urge to attack something.
You die...

##########
##..@gg..$#
##..######.#
##..## #≈.⌠
#..##
#≈###≈.
#########.##
#. .# .≈.
#.........#
(# #.. ..
#.........#
§ ..# .
#.........#
§? .#≈
#.........#


You could see 2 gnolls.

Vanquished Creatures
  A worm (D:2)
  A leopard gecko (D:1)
  A giant cockroach (D:1)
  4 hobgoblins (D:1)
  4 kobolds (D:1)
  4 bats (D:1)
  4 frilled lizards
  2 goblins
  2 rats (D:1)
23 creatures vanquished.

Notes
Turn   | Place    | Note
-------+----------+-------------------------------------------
     0 | D:1      | urgleburgle the Deep Elf Earth Elementalist began the quest for the Orb.
     0 | D:1      | Reached XP level 1. HP: 10/10 MP: 6/6
   367 | D:1      | Reached XP level 2. HP: 15/15 MP: 6/8
  2391 | D:2      | HP: 1/22 [gnoll/spear of chaos (2)]
  2392 | D:2      | Succumbed to a gnoll's poison

Vault maps used:
D:1:      lemuel_arrival_river_bridge
D:2:      kennysheep_the_goblin_king, grunt_temple_overflow_magic_moments,
          old_standard_altar, nicolae_overflow_hidden_temple, tgw_xom

Action                   || total
-------------------------++-------
Melee: Short sword       ||    57
 Cast: Sandblast         ||    22
  Use: Potion            ||     1
 Stab: Sleeping          ||     1
  Eat: Ration            ||     2
Armor: Robe              ||     5
       Leather armour    ||     1
Dodge: Dodged            ||    48

Table legend:
 A = Spawn XP
 B = Non-spawn XP
 C = Spawn XP percentage of total XP
 D = Spawn monster count
 E = Non-spawn monster count
 F = Spawn count percentage of total count
 G = Total turns spent on level
                    A         B        C        D         E        F      G
               +---------+---------+-------+---------+---------+-------+---------
         Total |       0 |      38 |   0.0 |       0 |      23 |   0.0 |  2392
               +---------+---------+-------+---------+---------+-------+---------
           D:1 |       0 |      30 |   0.0 |       0 |      20 |   0.0 |  2006
           D:2 |       0 |       8 |   0.0 |       0 |       3 |   0.0 |   386
               +---------+---------+-------+---------+---------+-------+---------
